 Dungeon Crawl Stone Soup version 0.29.0-4-gdea44cf6ec (webtiles) character file.

Game seed: 15324327812991139219

29 greasedhog the Trooper (level 3, -8/23 HPs)
             Began as a Tengu Wanderer on Aug 27, 2022.
             Mangled by a gnoll
             ... wielding a +0 whip
              (9 damage)
             ... on level 2 of the Dungeon.
             The game lasted 00:01:26 (1427 turns).

greasedhog the Trooper (Tengu Wanderer)             Turns: 1427, Time: 00:01:26

Health: -8/23      AC:  3    Str: 12    XL:     3   Next: 16%
Magic:  5/5        EV: 10    Int: 13    God:
Gold:   69         SH:  0    Dex: 14    Spells: 3/4 levels left

rFire   . . .      SeeInvis .   a - +0 dagger (vorpal)
rCold   . . .      Faith    .   (no shield)
rNeg    . . .      Spirit   .   h - +0 leather armour
rPois   .          Reflect  .   (helmet restricted)
rElec   .          Harm     .   (no cloak)
rCorr   .          Rampage  .   (no gloves)
Will    .....                   (boots unavailable)
Stlth   ++........              (no amulet)
HPRegen 0.07/turn               (no ring)
MPRegen 0.09/turn               (no ring)

@: no status effects
A: beak, talons 3
a: no special abilities


You were on level 2 of the Dungeon.
You visited 1 branch of the dungeon, and saw 2 of its levels.

You collected 69 gold pieces.

Inventory:

Hand Weapons
 a - a +0 vorpal dagger (weapon)
Missiles
 b - 4 curare-tipped darts (quivered)
 i - 4 poisoned darts
 m - 2 throwing nets
Armour
 h - a +0 leather armour (worn)
Scrolls
 d - a scroll of teleportation
 e - 2 scrolls of magic mapping
 l - a scroll of butterflies
Potions
 c - 2 potions of lignification
 g - a potion of flight {unknown}
 k - a potion of curing


   Skills:
 * Level 3.4 Fighting
 * Level 1.5 Short Blades
 - Level 2.0 Throwing
 - Level 1.1 Armour
 * Level 1.5 Stealth
 - Level 1.0 Spellcasting
 - Level 2.0 Poison Magic
 - Level 1.0 Invocations


You had 3 spell levels left.
You knew the following spells:

 Your Spells              Type           Power      Damage    Failure   Level
a - Sting                 Tmut/Pois      12%        1d3       24%         1

Your spell library contained the following spells:

 Spells                   Type           Power      Damage    Failure   Level
 Spider Form              Tmut/Pois      3%         N/A       56%         3


Dungeon Overview and Level Annotations

Branches:
Dungeon (2/15)

Altars:

Shops:
D:2 [


Innate Abilities, Weirdness & Mutations

You have a beak for a mouth.
You have claws for feet.


Message History

A rat is nearby!
A rat is nearby!
Found 9 gold pieces.
No target in view!
No target in view!
No target in view!
A gnoll comes into view. It is wielding a +0 flail.
The rat bites you.
You hit the rat.
You kill the rat! 2 gnolls come into view.
The gnoll shouts! x2; You hear a shout!
The gnoll shouts!
You hit the gnoll. You claw the gnoll. You peck the gnoll, but do no damage.
The gnoll is heavily wounded.
A hobgoblin comes into view.
The gnoll barely misses you.
You hit the gnoll but do no damage. You claw the gnoll.
Your peck misses the gnoll.
The gnoll is heavily wounded.
The gnoll hits you with a +0 flail! The gnoll hits you but does no damage.
You hit the gnoll.
The gnoll is severely wounded.
The gnoll hits you but does no damage. The gnoll barely misses you.
The gnoll attacks as you move away! The gnoll barely misses you.
The gnoll attacks as you move away! The gnoll barely misses you.
The gnoll attacks as you move away! The gnoll hits you with a +0 flail!
Okay, then.
It was a potion of curing.
You feel better.
Okay, then.
The gnoll throws a throwing net.
The throwing net hits you.
You become entangled in the net!
You see here a throwing net.
You struggle against the net.
You struggle against the net.
You struggle against the net.
The gnoll hits you with a +0 whip. The gnoll hits you with a +0 flail.
You rip the net and break free!
The gnoll hits you with a +0 flail!
* * * LOW HITPOINT WARNING * * *
The gnoll hits you with a +0 whip!
You die...

........ ...g. ##..#
######..## ...$.....#
....∩....# ... .....
........g### ... ...(
.........gg#### .... ...
.........#@..[##..> .
#############..#.#####.#
#. ##..........#.###.
##.....[<..........
#..................
#..................
#....^.............
#..........?.......
###..................


You could see 3 gnolls.

Vanquished Creatures
  A dart slug (D:2)
  2 ball pythons
  A bat (D:1)
  4 endoplasms (D:2)
  3 giant cockroaches (D:1)
  A goblin (D:1)
  4 hobgoblins
  A quokka (D:1)
  A frilled lizard (D:1)
  5 rats
23 creatures vanquished.

Notes
Turn   | Place    | Note
-------+----------+-------------------------------------------
     0 | D:1      | greasedhog the Tengu Wanderer began the quest for the Orb.
     0 | D:1      | greasedhog set off with the following items: a +0 vorpal
                  | dagger, 4 curare-tipped darts, a potion of lignification, a
                  | scroll of teleportation, a +0 robe; and the following spell
                  | memorised: Sting; and the following spells available to
                  | memorise: Spider Form.
     0 | D:1      | Reached XP level 1. HP: 14/14 MP: 3/3
   346 | D:1      | Reached XP level 2. HP: 14/19 MP: 4/4
   427 | D:1      | Reached skill level 1 in Stealth
   516 | D:1      | Reached skill level 1 in Short Blades
  1050 | D:2      | Reached XP level 3. HP: 13/23 MP: 5/5
  1324 | D:2      | Found Yluin's Armour Emporium.
  1427 | D:2      | HP: 1/23 [gnoll/+0 flail (8)]
  1427 | D:2      | Mangled by a gnoll

Illustrated notes

Levels and vault maps discovered:
D:1:      wander_arrival_estate, layout_basic, serial_forest,
          infiniplex_forest_corner_1, infiniplex_forest_end_3,
          infiniplex_forest_end_2, infiniplex_forest_straight_4,
          infiniplex_forest_straight_4, infiniplex_forest_lined_room_,
          infiniplex_forest_lined_2
D:2:      layout_rooms, serial_shops, shop, lemuel_another_geyser

Skill      XL: |  1  2 |
---------------+-------+-----
Stealth        | 1 |  1.5
Short Blades   | 1 |  1.5
Fighting       | |  3.4
Throwing       | |  2.0
Armour         | |  1.1
Spellcasting   | |  1.0
Poison Magic   | |  2.0
Invocations    | |  1.0

Action                   || total
-------------------------++-------
Melee: Dagger            ||    54
       Kick              ||    12
       Peck              ||    12
       Punch             ||     1
  Use: Scroll            ||     3
       Potion            ||     1
Armor: Robe              ||     4
       Leather armour    ||     8
Dodge: Dodged            ||    28
